 Dungeon Crawl Stone Soup version 0.29-a0-91-gdebf4667c2 (webtiles) character file.

Game seed: 17268242397965180113

1449 enile the Skirmisher (level 9, -6/73 HPs)
             Began as a Djinni Ice Elementalist on Feb 8, 2022.
             Was a Plaything of Xom.
             Killed from afar by a white imp (12 damage)
             ... with a puff of frost
             ... summoned by Xom
             ... on level 5 of the Dungeon.
             The game lasted 00:21:18 (9640 turns).

enile the Skirmisher (Djinni Ice Elementalist)      Turns: 9640, Time: 00:21:19

Health: -6/73      AC:  5    Str:  7    XL:     9   Next: 4%
Gold:   298        EV: 12    Int: 24    God:    Xom [....*.] SH:  5 Dex: 15

rFire   + + +      SeeInvis +   n - +4 dagger (venom)
rCold   x . .      Faith    .   c - +0 buckler
rNeg    . . .      Spirit   .   o - +2 robe {rF+}
rPois   ∞          Reflect  .   (no helmet)
rElec   .          Harm     .   (no cloak)
rCorr   .          Rampage  .   (no gloves)
Will    ++...                   (boots unavailable)
Stlth   ++........              (no amulet)
HPRegen 0.22/turn               (no ring)
MPRegen 0.00/turn               (no ring)

@: flying, hasted, unable to read, very quick
A: sickness immunity, fire resistance 2, cold vulnerability 1, float, innate
caster, HP casting, extra vitality 1, iridescent scales 1, see invisible, agile
1, clever 1, deformed body, strong-willed 2, robust 1, inability to read while
threatened
a: Renounce Religion


You were on level 5 of the Dungeon.
You worshipped Xom.
You were a beloved toy of Xom.
You visited 1 branch of the dungeon, and saw 5 of its levels.
You also visited: Ossuary.

You collected 298 gold pieces.

Inventory:

Hand Weapons
 b - a +0 dagger of speed
 f - a +3 trident
 j - a +0 dagger of flaming
 n - a +4 dagger of venom (weapon)
Armour
 a - a +0 robe
 c - a +0 buckler (worn)
 o - a +2 robe of fire resistance (worn)
Scrolls
 e - 2 scrolls of noise
 g - 2 scrolls of vulnerability
 i - a scroll of fear
 k - 2 scrolls of enchant weapon
 m - a scroll of silence
 p - 2 scrolls of blinking
 r - a scroll of amnesia
 t - 2 scrolls of fog
 u - a scroll of immolation {unknown}
Potions
 d - 3 potions of curing
 h - 4 potions of haste
 l - a potion of mutation
 q - a potion of heal wounds
 s - a potion of ambrosia {unknown}
 v - a potion of might {unknown}
 w - a potion of lignification {unknown}


   Skills:
 + Level 6.8 Fighting
 - Level 2.0 Short Blades
 - Level 3.0 Dodging
 - Level 1.5 Stealth
 - Level 3.0 Shields
 - Level 6.0 Spellcasting


You couldn't memorise any spells.
You knew the following spells:

 Your Spells              Type           Power      Damage    Failure   Level
a - Freeze                Ice            100%       1d11      1%          1
b - Frozen Ramparts       Ice            72%        1d9       2%          3
c - Ozocubu's Armour      Ice            36%        N/A       2%          3
d - Hailstorm             Conj/Ice       36%        3d9       9%          4
e - Beastly Appendage     Tmut           72%        N/A       1%          1
f - Call Imp              Summ           36%        N/A       1%          2
g - Inner Flame           Hex/Fire       36%        N/A       2%          3
h - Lesser Beckoning      Tloc           36%        N/A       2%          3
Your spell library was empty.

Dungeon Overview and Level Annotations

Branches:
Dungeon (5/15)             Temple (0/1) D:4         Ossuary (visited)

Altars:
Ru
Xom

Shops:
D:2 (   D:3 [


Innate Abilities, Weirdness & Mutations

You are immune to sickness and miasma.
You are immune to poison.
Your flesh is very heat resistant. (rF++)
You are vulnerable to cold. (rC-)
You float through the air rather than walking.
You learn spells naturally, not from books.
Your magical power is your life essence.
You have superior vitality. (+4 MHP)
You are partially covered in iridescent scales. (AC +2)
You have supernaturally acute eyesight. (SInv)
You are agile. (Dex +2)
Your mind is acute. (Int +2)
Armour fits poorly on your strangely shaped body.
You are highly strong-willed. (Will++)
You are robust. (+10% HP)
You sometimes lose the ability to read scrolls when taking damage.


Message History

There are monsters nearby!
There are monsters nearby!
The shadow imp hits your iron imp.
The crimson imp hits you but does no damage.
Found a stone staircase leading down.
The shadow imp closely misses your iron imp.
The crimson imp hits you.
* * * LOW HITPOINT WARNING * * *
You hit the crimson imp.
The crimson imp is poisoned.
The crimson imp is lightly wounded.
Your iron imp barely misses the shadow imp.
The crimson imp picks up a beetle and eats it.
The crimson imp hits you but does no damage.
The shadow imp barely misses your iron imp.
Your iron imp closely misses the shadow imp.
The crimson imp completely misses you.
Found 4 gold pieces.
Found an escape hatch in the ceiling.
Your iron imp hits the shadow imp.
The crimson imp blinks!
The white imp barely misses you. The crimson imp closely misses you.
The crimson imp blinks!
Your iron imp hits the shadow imp but does no damage.
The crimson imp blinks!
The crimson imp blinks!
The crimson imp blinks!
The white imp gestures at you. The puff of frost hits your iron imp.
Your iron imp resists.
Your iron imp hits the white imp!
Your iron imp disappears in a puff of smoke!
You closely miss the white imp.
The white imp is severely wounded.
The white imp gestures at you. The puff of frost hits you!
You feel a terrible chill!
You feel threatened and lose the ability to read scrolls!
* * * LOW HITPOINT WARNING * * *
Okay, then.
You feel yourself speed up. The white imp gestures at you.
The puff of frost hits you!
You feel a terrible chill!
You die...

####.#.....>............ .....
..$............# #####
..............######### ..###
......................# #...##
......................# ##...##.#
#.....5.........#
##...##.######..##...........#
.....#...........55..........#
##...#.##.......@............#
.#.....###...................#
..#...## #....5..............#
......####...................#
.......÷.#...................#
..#.###..(............).....#..
..#............>................
.................................
....#......(.....#..............<


You could see 2 crimson imps, a white imp (summoned) and a shadow imp
(summoned).

Vanquished Creatures
  A steam dragon (D:5)
  Menkaure (Ossuary)
  A water moccasin (D:5)
  An ice beast (D:5)
  A necrophage (D:4)
  An ogre (D:4)
  A phantom (D:5)
  2 scorpions
  2 water moccasin skeletons
  An orc priest (D:2)
  2 centaur skeletons
  A bullfrog skeleton (D:5)
  A hound (D:4)
  A jelly (D:5)
  Jessica (D:2)
  An iguana (D:5)
  A hound skeleton (D:4)
  2 mummies (Ossuary)
  2 adders
  12 gnolls
  A white imp (D:4)
  An adder zombie (D:5)
  A worm (D:5)
  6 dart slugs
  4 orcs
  7 endoplasms
  2 giant cockroaches
  4 gnoll zombies (Ossuary)
  14 goblins
  11 hobgoblins
  4 jackals (D:1)
  5 quokkas
  10 ball pythons
  5 bats
  2 frilled lizards
  3 gnoll skeletons (Ossuary)
  2 goblin skeletons (Ossuary)
  4 goblin zombies (Ossuary)
  3 hobgoblin skeletons (Ossuary)
  2 hobgoblin zombies (Ossuary)
  6 kobolds
  6 kobold skeletons (Ossuary)
  A kobold zombie (Ossuary)
  4 orc skeletons (Ossuary)
  3 orc zombies (Ossuary)
  4 rats
  5 rat skeletons (Ossuary)
  3 rat zombies (Ossuary)
159 creatures vanquished.

Vanquished Creatures (collateral kills)
  A hound (D:5)
  A mummy (Ossuary)
  Robin (D:3)
  A ball python (D:4)
  A bat (D:2)
  2 gnoll zombies (Ossuary)
  A goblin (D:3)
  A goblin skeleton (Ossuary)
  A hobgoblin zombie (Ossuary)
  3 kobold zombies (Ossuary)
  2 orc zombies (Ossuary)
  A rat skeleton (Ossuary)
16 creatures vanquished.

Grand Total: 175 creatures vanquished

Notes
Turn   | Place    | Note
-------+----------+-------------------------------------------
     0 | D:1      | enile the Djinni Ice Elementalist began the quest for the
                  | Orb.
     0 | D:1      | Reached XP level 1. HP: 15/15 MP: 0/0
   302 | D:1      | Reached skill level 1 in Fighting
   595 | D:1      | Reached XP level 2. HP: 12/22 MP: 0/0
  1072 | D:1      | Reached XP level 3. HP: 4/28 MP: 0/0
  1072 | D:1      | Learned a level 1 spell: Beastly Appendage
  1357 | D:1      | Reached skill level 1 in Short Blades
  2427 | D:2      | Reached XP level 4. HP: 21/33 MP: 0/0
  2439 | D:2      | Reached skill level 1 in Shields
  2754 | D:2      | Reached XP level 5. HP: 22/38 MP: 0/0
  2754 | D:2      | Learned a level 2 spell: Call Imp
  3045 | D:2      | Found a faded altar of an unknown god.
  3065 | D:2      | Prayed at the altar of an unknown god.
  3065 | D:2      | Became a worshipper of Xom of Chaos
  3069 | D:2      | Found Tusi's Weapon Shop.
  3269 | D:2      | Noticed Jessica
  3275 | D:2      | Killed Jessica
  3635 | D:3      | Noticed Robin
  3640 | D:2      | XOM: smoke on damage
  3642 | D:2      | Gained mutation: You have supernaturally acute eyesight.
                  | (SInv) [potion of mutation]
  3642 | D:2      | Gained mutation: You are partially covered in large bone
                  | plates. (SH +4) [potion of mutation]
  3642 | D:2      | Gained mutation: You have hidden genetic potential. [potion
                  | of mutation]
  3842 | D:2      | XOM: silly message
  3969 | D:2      | XOM: torment (17/39 hp)
  4152 | D:3      | Killed Robin
  4349 | D:3      | Found Daohipt's Armour Shoppe.
  4380 | D:3      | XOM: scenery: create altars
  4467 | D:3      | Reached XP level 6. HP: 19/46 MP: 0/0
  4527 | D:3      | XOM: god gift: book of Dangerous Friends
  4716 | D:3      | XOM: divination: magic mapping
  4720 | D:3      | XOM: noise
  4727 | D:3      | XOM: butterfly on damage
  4794 | D:2      | XOM: cloud trail
  4946 | D:2      | XOM: scenery: summon butterflies
  5035 | D:2      | Gained mutation: You are robust. (+10% HP) [hidden
                  | potential]
  5435 | D:2      | XOM: scenery: summon butterflies
  5655 | D:3      | XOM: scenery: summon butterflies
  5898 | D:4      | Noticed an ogre
  5899 | D:4      | XOM: 4-stop teleportation journey
  5943 | D:4      | XOM: fog
  5955 | D:4      | XOM: scenery: 2 doors close
  5956 | D:4      | XOM: destruction
  5960 | D:4      | Killed an ogre
  6014 | D:4      | Found a sand-covered staircase.
  6023 | Ossuary  | Entered an ossuary
  6786 | Ossuary  | XOM: scenery: summon butterflies
  6846 | Ossuary  | Reached XP level 7. HP: 44/57 MP: 0/0
  6846 | Ossuary  | Learned a level 3 spell: Inner Flame
  6870 | Ossuary  | XOM: god gift: 41 gold pieces
  7007 | Ossuary  | XOM: give mutations
  7007 | Ossuary  | Lost mutation: You are partially covered in large bone
                  | plates. (SH +4) [Xom's mischief]
  7007 | Ossuary  | Gained mutation: Armour fits poorly on your strangely
                  | shaped body. [Xom's mischief]
  7007 | Ossuary  | Gained mutation: You sometimes lose the ability to read
                  | scrolls when taking damage. [Xom's mischief]
  7007 | Ossuary  | Lost mutation: You have hidden genetic potential. [Xom's
                  | mischief]
  7249 | Ossuary  | Noticed Menkaure
  7258 | Ossuary  | Killed Menkaure
  7259 | Ossuary  | Reached skill level 5 in Spellcasting
  7288 | Ossuary  | XOM: give mutation
  7288 | Ossuary  | Gained mutation: You are agile. (Dex +2) [Xom's grace]
  7905 | D:4      | Reached skill level 5 in Fighting
  8173 | D:4      | Reached XP level 8. HP: 48/64 MP: 0/0
  8192 | D:4      | XOM: scenery: 1 doors open, 2 doors close
  8672 | D:4      | Found a staircase to the Ecumenical Temple.
  8972 | D:5      | Entered Level 5 of the Dungeon
  8980 | D:5      | Found a sacrificial altar of Ru.
  9262 | D:5      | XOM: polymorph water moccasin -> steam dragon
  9389 | D:5      | XOM: god gift: 43 gold pieces
  9510 | D:5      | XOM: give mutations
  9510 | D:5      | Gained mutation: You are strong-willed. (Will+) [Xom's
                  | grace]
  9510 | D:5      | Gained mutation: You are highly strong-willed. (Will++)
                  | [Xom's grace]
  9510 | D:5      | Gained mutation: Your mind is acute. (Int +2) [Xom's grace]
  9510 | D:5      | Gained mutation: You are partially covered in iridescent
                  | scales. (AC +2) [Xom's grace]
  9580 | D:5      | XOM: cast spell 'Cause Fear'
  9623 | D:5      | Reached XP level 9. HP: 15/73 MP: 0/0
  9623 | D:5      | Learned a level 3 spell: Lesser Beckoning
  9626 | D:5      | XOM: summons 4 hostile demons
  9640 | D:5      | Killed from afar by a white imp

Illustrated notes

Levels and vault maps discovered:
D:1:      heliophobic_arrival_battle_scene, layout_basic, kennysheep_flooded_box
D:2:      layout_basic, serial_shops, nicolae_shop_bloodbath_and_beyond,
          ebering_ecumenical_altar_rust, uniq_jessica
D:3:      layout_basic, serial_shops, nicolae_shop_competitors_out_of_business,
          minivault_5, uniq_robin
D:4:      layout_gridville, minmay_temple_entry_statues,
          lightli_ossuary_entry_decrepit_ruins
D:5:      layout_rooms, mainiacjoe_overflow_surrounded_room

Skill      XL: |  1  2  3  4  5  6  7  8 |
---------------+-------------------------+-----
Fighting       | 1 2 3 4 5 6 |  6.8
Short Blades   | 1 2 |  2.0
Spellcasting   | 4 5 6 |  6.0
Shields        | 1 2 3 |  3.0
Dodging        | 3 |  3.0
Stealth        | |  1.5

Action                   |  1- 3 |  4- 6 |  7- 9 || total
-------------------------+-------+-------+-------++-------
Melee: Unarmed           |     6 |       |       ||     6
       Dagger            |    78 |   128 |   161 ||   367
       Punch             |     1 |       |       ||     1
       Headbutt          |       |     2 |     1 ||     3
 Cast: Freeze            |    41 |    43 |    12 ||    96
       Frozen Ramparts   |     4 |    18 |    12 ||    34
       Ozocubu's Armour  |     1 |     7 |     6 ||    14
       Beastly Appendage |     1 |     1 |     1 ||     3
       Call Imp          |       |    21 |    22 ||    43
       Hailstorm         |       |     3 |     3 ||     6
       Inner Flame       |       |       |     8 ||     8
  Use: Potion            |       |     4 |     2 ||     6
       Scroll            |       |       |     8 ||     8
 Stab: Distracted        |       |     1 |     1 ||     2
       Sleeping          |       |     1 |     1 ||     2
Armor: Robe              |    22 |    26 |    28 ||    76
Dodge: Dodged            |    52 |    74 |    88 ||   214
Block: Buckler           |       |    52 |    37 ||    89

Table legend: (Time is in decaauts)
 A = Elapsed time spent in this place.
 B = Non-inter-level travel time spent in this place.
 C = Inter-level travel time spent in this place.
 D = Time resting spent in this place.
 E = Time spent auto-exploring this place.
 F = Levels seen in this place.
 G = Mean time per level.
                   A        B        C        D        E       F      G
               +--------+--------+--------+--------+--------+-----+--------+
         Total |   9583 |   9461 |    122 |    659 |   7339 |   6 | 1597.2 |
       Dungeon |   7946 |   7824 |    122 |    659 |   6129 |   5 | 1589.2 |
       Ossuary |   1637 |   1637 |      0 |      0 |   1210 |   1 | 1637.0 |
               +--------+--------+--------+--------+--------+-----+--------+

Top non-repeatable levels by time:
     D:2: 2545 daAuts
     D:1: 2221 daAuts
 Ossuary: 1637 daAuts
     D:4: 1427 daAuts
     D:3: 1087 daAuts
     D:5: 663 daAuts
